 Dungeon Crawl Stone Soup version 0.29.1-1-gd02db6906a (webtiles) character file.

Game seed: 5965912830275398498

14 gzilladon the Chopper (level 2, -2/27 HPs)
             Began as a Hill Orc Monk on Sept 26, 2022.
             Slain by a hobgoblin (3 damage)
             ... on level 1 of the Dungeon.
             The game lasted 00:00:49 (163 turns).

gzilladon the Chopper (Hill Orc Monk)                Turns: 163, Time: 00:00:50

Health: -2/27      AC:  2    Str: 13    XL:     2   Next: 41%
Magic:  2/2        EV: 12    Int: 16    God:
Gold:   28         SH:  0    Dex: 13    Spells: 1/1 levels left

rFire   . . .      SeeInvis .   a - +0 hand axe
rCold   . . .      Faith    .   (no shield)
rNeg    . . .      Spirit   .   b - +0 robe
rPois   .          Reflect  .   (no helmet)
rElec   .          Harm     .   (no cloak)
rCorr   +          Rampage  .   (no gloves)
Will    .....                   (no boots)
Stlth   ++........              (no amulet)
HPRegen 0.09/turn               e - +6 ring of intelligence
MPRegen 0.08/turn               d - ring of resist corrosion

@: no status effects
A: no striking features
a: no special abilities


You were on level 1 of the Dungeon.
You visited 1 branch of the dungeon, and saw 1 of its levels.

You collected 28 gold pieces.

Inventory:

Hand Weapons
 a - a +0 hand axe (weapon)
Armour
 b - a +0 robe (worn)
Jewellery
 d - a ring of resist corrosion (right hand)
 e - a +6 ring of intelligence (left hand)
Potions
 c - a potion of ambrosia


   Skills:
 + Level 3.7 Fighting
 + Level 4.6 Axes
 + Level 2.6 Dodging
 + Level 1.5 Stealth


You had one spell level left.
You didn't know any spells.
Your spell library was empty.

Dungeon Overview and Level Annotations

Branches:
Dungeon (1/15)

Altars:


Message History

You hit the hobgoblin but do no damage. The bat misses you.
The jackal bites you.
The jackal bites you but does no damage.
The hobgoblin hits you.
You hit the rat.
You kill the rat!
You hit the hobgoblin. You completely miss the jackal.
The jackal bites you but does no damage.
The bat barely misses you. The hobgoblin hits you.
You hit the bat but do no damage. You closely miss the kobold.
You hit the hobgoblin but do no damage. You hit the jackal but do no damage.
The bat closely misses you.
The jackal bites you but does no damage.
The jackal completely misses you. The kobold misses you.
The hobgoblin barely misses you.
You hit the kobold.
The kobold is severely wounded.
You hit the kobold. You hit the hobgoblin. You closely miss the jackal.
The jackal misses you.
The kobold hits you with a +0 short sword.
* * * LOW HITPOINT WARNING * * *
The hobgoblin hits you.
* * * LOW HITPOINT WARNING * * *
The kobold hits you with a +0 short sword.
* * * LOW HITPOINT WARNING * * *
You hit the kobold.
You kill the kobold!
You hit the bat.
You kill the bat!
You hit the kobold.
You kill the kobold!
You hit the hobgoblin but do no damage. You miss the jackal.
The jackal barely misses you. x2; The hobgoblin closely misses you.
You hit the endoplasm.
The endoplasm is heavily wounded.
You hit the hobgoblin but do no damage. You closely miss the jackal.
The jackal bites you.
* * * LOW HITPOINT WARNING * * *
The hobgoblin hits you.
You die...

......# ###.#.?.##..
#..#.###.......#...
##....#.....♣.......
####..........♣.♣......
........†....♣._.♣$....
..............♣.♣......
...............♣.......
..............††g..#...
.............##@J......
.............##)h......
.............##."......
.............##..$.....
##.........##........
######.####....>... #.
#....#... ##.......


You could see an endoplasm, a jackal and a hobgoblin.

Vanquished Creatures
  An endoplasm (D:1)
  A giant cockroach (D:1)
  A goblin (D:1)
  A hobgoblin (D:1)
  A jackal (D:1)
  2 kobolds (D:1)
  A ball python (D:1)
  2 bats (D:1)
  A rat (D:1)
11 creatures vanquished.

Vanquished Creatures (others)
  A rat (D:1)
1 creature vanquished.

Grand Total: 12 creatures vanquished

Notes
Turn   | Place    | Note
-------+----------+-------------------------------------------
     0 | D:1      | gzilladon the Hill Orc Monk began the quest for the Orb.
     0 | D:1      | Reached XP level 1. HP: 19/19 MP: 1/1
    44 | D:1      | Found a faded altar of an unknown god.
   158 | D:1      | Reached XP level 2. HP: 14/27 MP: 2/2
   163 | D:1      | HP: 1/27 [jackal (2)]
   163 | D:1      | Slain by a hobgoblin

Illustrated notes

Levels and vault maps discovered:
D:1:      minmay_arrival_widening_spiral_wide, layout_rooms,
          chequers_ecumenical_altar_simple_redux

Action                   || total
-------------------------++-------
Melee: Hand axe          ||    17
Armor: Robe              ||    10
Dodge: Dodged            ||    32
